Map: [ESL] Site Delta

Players

LiquidClem (Clem)

  • Race: Terran Terran
  • League: Grandmaster
  • Spawn Location: 11:00

gumiho - Winner!

  • Race: Terran Terran
  • Spawn Location: 5:00

Event: HomeStory Cup XXV

VOD

Have the link to the VOD?

Description

Time

  • Played on: June 23, 2024, 2:02 p.m.
  • Length: 19:01

All games in this series

Show
View Real Time Build Order
Export as new Build Order

LiquidClem Terran 

Build Orders:  

Get SALT Encoding   

  12  0:00  SCV  
  13  0:12  SCV  
  14  0:17  Supply Depot  
  14  0:24  SCV  
  15  0:38  SCV  
  15  0:39  Barracks  
  16  0:45  Refinery  
  16  0:50  SCV  
  17  1:00  Barracks  
  17  1:03  SCV  
  18  1:15  SCV  
  19  1:27  Orbital Command, Reaper  
  19  1:32  Supply Depot  
  21  1:47  Reaper  
  21  1:53  SCV  
  22  2:04  Reaper  
  22  2:05  SCV  
  24  2:12  Command Center  
  24  2:18  SCV  
  24  2:20  Refinery  
  24  2:22  Reaper  
  26  2:28  Supply Depot  
  26  2:30  SCV  
  27  2:42  SCV  
  28  2:45  Marine  
  29  2:53  Factory  
  29  2:54  SCV  
  30  3:02  Bunker  
  30  3:03  Barracks Reactor  
  30  3:06  SCV  
  31  3:19  SCV  
  32  3:24  Command Center  
  32  3:29  Orbital Command  
  32  3:32  SCV  
  33  3:41  Marine x2  
  34  3:42  Factory Tech Lab  
  34  3:44  SCV  
  36  3:54  SCV, Starport  
  37  3:56  SCV  
  37  3:59  Marine x2  
  40  4:06  SCV  
  40  4:07  Factory Reactor  
  40  4:08  SCV  
  42  4:11  Marine, Stimpack  
  43  4:18  SCV  
  43  4:20  SCV, Marine x2  
  47  4:27  Supply Depot  
  47  4:28  Marine  
  47  4:30  SCV  
  49  4:32  SCV  
  49  4:36  Orbital Command  
  49  4:38  Marine x2  
  50  4:43  SCV  
  50  4:44  SCV  
  50  4:45  Medivac x2  
  58  4:46  Orbital Command, Marine  
  58  4:55  SCV  
  58  4:56  Marine x2  
  55  5:02  SCV  
  55  5:04  Marine  
  50  5:07  SCV  
  44  5:14  SCV  
  44  5:19  SCV  
  44  5:20  SCV  
  44  5:26  SCV  
  44  5:27  Marine  
  44  5:29  Marine  
  44  5:31  SCV  
  44  5:32  SCV  
  44  5:34  Marine  
  48  5:38  SCV  
  49  5:43  SCV  
  49  5:44  SCV, Marine  
  49  5:45  Factory Tech Lab  
  49  5:46  Marine  
  52  5:50  SCV  
  52  5:53  Combat Shield  
  52  5:55  Marine  
  52  5:56  SCV x2  
  55  6:02  SCV, Marine  
  55  6:04  Marine  
  55  6:05  Siege Tank  
  55  6:08  SCV x2  
  59  6:13  Marine  
  59  6:14  SCV, Barracks  
  61  6:20  Marine  
  61  6:21  SCV  
  61  6:22  Marine  
  67  6:25  SCV  
  67  6:27  Refinery  
  67  6:31  Marine  
  68  6:33  SCV, Engineering Bay x2  
  68  6:38  Marine  
  68  6:39  SCV  
  71  6:40  SCV, Marine  
  71  6:41  Viking  
  71  6:42  Viking  
  73  6:47  SCV  
  73  6:49  Marine  
  73  6:50  Refinery  
  73  6:52  Supply Depot, SCV  
  76  6:57  SCV  
  76  7:00  Orbital Command  
  77  7:01  Supply Depot  
  77  7:02  Barracks Reactor  
  77  7:09  Supply Depot  
  77  7:13  SCV x2, Marine x2, Siege Tank  
  77  7:14  Supply Depot  
  84  7:19  Terran Infantry Weapons Level 1  
  84  7:20  Marine  
  85  7:22  Terran Infantry Armor Level 1  
  85  7:25  Supply Depot, SCV x2  
  85  7:26  SCV  
  88  7:32  Missile Turret  
  88  7:35  Missile Turret  
  88  7:36  Marine x2  
  90  7:37  Marine  
  90  7:38  SCV  
  90  7:39  SCV  
  90  7:40  SCV  
  90  7:41  Marine x2  
  95  7:45  Liberator  
  95  7:50  Liberator  
  95  7:51  SCV  
  102  7:52  SCV  
  102  7:56  Missile Turret  
  102  7:57  SCV  
  101  8:02  Marine x3  
  101  8:03  SCV, Siege Tank  
  101  8:04  SCV  
  101  8:05  Marine x2  
  108  8:10  SCV  
  110  8:14  Supply Depot  
  110  8:15  SCV  
  110  8:16  SCV  
  110  8:19  Marine  
  112  8:22  Barracks x2  
  112  8:24  SCV, Marine  
  112  8:25  Supply Depot  
  115  8:29  SCV  
  115  8:32  SCV  
  117  8:35  Marine x2  
  117  8:36  Siege Tank  
  117  8:38  Supply Depot, SCV  
  117  8:39  Marine  
  124  8:41  SCV  
  124  8:46  SCV  
  124  8:47  Refinery  
  125  8:50  Marine  
  125  8:51  Armory  
  125  8:53  Marine, Barracks Reactor  
  127  8:57  SCV  
  127  9:01  Marine x2  
  127  9:02  SCV  
  129  9:08  Marine  
  123  9:11  Siege Tank  
  109  9:17  Marine, Medivac  
  109  9:18  Marine  
  109  9:20  Marine x2  
  109  9:21  Marine  
  109  9:22  SCV x2  
  108  9:25  SCV  
  108  9:28  Marine  
  108  9:30  Marine  
  108  9:31  Marine  
  109  9:32  Medivac  
  109  9:34  SCV  
  109  9:35  SCV, Marine  
  109  9:36  Marine  
  113  9:39  Marine  
  113  9:40  Marine  
  113  9:41  Marine, Armory  
  113  9:44  Siege Tank  
  115  9:46  SCV, Marine  
  115  9:47  Medivac  
  115  9:50  Marine x2  
  114  9:53  SCV x2  
  114  9:58  SCV, Terran Infantry Weapons Level 2  
  114  10:05  SCV, Terran Infantry Armor Level 2  
  115  10:09  Marine x3, Missile Turret  
  115  10:11  Marine x2  
  120  10:16  Marauder  
  120  10:17  Barracks Tech Lab  
  120  10:18  Marine  
  120  10:21  Supply Depot  
  122  10:26  SCV  
  121  10:34  Medivac  
  121  10:35  Marine x2  
  112  10:37  Marine  
  112  10:38  Marauder  
  112  10:40  Command Center  
  110  10:43  Marauder  
  110  10:45  Marine  
  110  10:46  Marine x2  
  115  10:51  Siege Tank  
  115  10:53  Marine  
  118  10:57  Medivac  
  118  11:00  Marine x2, Marauder  
  118  11:03  Marine x2  
  119  11:07  Marauder  
  119  11:09  Barracks  
  119  11:10  Barracks  
  121  11:11  Marine x2  
  121  11:14  SCV, Sensor Tower  
  121  11:18  Medivac  
  126  11:19  Supply Depot  
  126  11:21  Supply Depot  
  125  11:27  Concussive Shells, Marine  
  125  11:28  Marauder x2  
  125  11:30  SCV  
  125  11:32  Marine x2  
  133  11:40  Marine x3  
  133  11:41  Supply Depot, Siege Tank  
  133  11:43  Supply Depot  
  133  11:45  Marine, Medivac  
  142  11:48  Marine  
  142  11:49  Barracks  
  142  11:51  Marine, Marauder  
  142  11:52  Marine  
  146  11:57  SCV  
  146  11:58  SCV  
  146  11:59  Supply Depot x2  
  146  12:01  Marine  
  149  12:03  SCV, Medivac  
  149  12:06  Marine  
  149  12:07  Marine, Marauder  
  153  12:10  SCV  
  153  12:12  Marine x2  
  153  12:13  Barracks Tech Lab x2  
  153  12:14  Marine, Marauder  
  154  12:17  Orbital Command  
  154  12:21  Marine  
  151  12:25  Siege Tank, Marine  
  151  12:28  Terran Infantry Weapons Level 3  
  154  12:31  Terran Infantry Armor Level 3  
  154  12:32  Marine  
  154  12:35  Marine x3  
  158  12:40  Marine  
  158  12:41  Marauder x2  
  158  12:44  Marine  
  164  12:51  Marine x3, Marauder  
  152  12:57  Siege Tank, Marine  
  142  12:59  Marine  
  142  13:05  Marine x3  
  135  13:06  Marauder x2  
  135  13:09  Marine, Medivac x2  
  135  13:10  Marine  
  138  13:16  Marauder x2  
  138  13:17  Marine x2  
  144  13:21  Command Center  
  144  13:23  Marine x2  
  144  13:24  Marine  
  149  13:27  Marauder  
  149  13:28  Marine  
  149  13:29  Marine  
  149  13:30  Marine  
  152  13:34  Supply Depot, Marine  
  152  13:38  Marine, Marauder  
  152  13:40  Terran Vehicle And Ship Armor Level 1  
  152  13:41  Siege Tank, Marine  
  144  13:49  Marine  
  144  13:50  Marine  
  144  13:51  Marauder  
  144  13:52  Marine  
  144  13:54  Marine  
  144  13:55  Liberator x2  
  145  13:59  Marine  
  145  14:00  Marine x2  
  145  14:01  Marine x2  
  145  14:02  Marine  
  147  14:07  Marine  
  147  14:08  Marine  
  149  14:10  Marine  
  149  14:12  Marine, Marauder  
  153  14:17  Marine  
  153  14:18  Marine  
  153  14:19  Marine, Marauder x2  
  153  14:21  Marauder  
  162  14:26  Siege Tank  
  162  14:28  Marine x2  
  167  14:31  Marine  
  167  14:32  Marine  
  167  14:34  Marauder  
  170  14:40  Viking x2  
  170  14:41  Marauder x2  
  170  14:44  Marauder  
  175  14:46  Marine  
  175  14:52  Marine  
  177  14:55  Marauder  
  177  14:58  Marine  
  177  14:59  Marine x2  
  175  15:01  Marine x2  
  175  15:02  Marauder x2  
  175  15:06  Siege Tank, Marauder  
  180  15:09  Marine  
  180  15:10  Viking x2  
  180  15:12  Starport  
  175  15:16  Marauder  
  175  15:18  Marine  
  178  15:21  Command Center  
  178  15:23  Orbital Command, Marauder  
  170  15:30  Marine, Marauder  
  170  15:31  Marine x3, Marauder  
  170  15:34  Marine x2  
  178  15:35  Marine  
  178  15:38  Marauder  
  180  15:44  Siege Tank  
  180  15:45  Marauder  
  180  15:48  Marine  
  180  15:49  Marine x3  
  187  15:50  Starport Tech Lab  
  187  15:51  Viking x2  
  187  15:55  Marine  
  192  15:58  Marine  
  192  16:03  Sensor Tower  
  193  16:05  Marine  
  193  16:08  Marauder  
  190  16:12  Marine x2  
  190  16:13  Marauder  
  190  16:14  SCV x2  
  190  16:17  Siege Tank  
  180  16:19  Raven  
  180  16:20  Marine x2, Marauder  
  180  16:21  Marauder  
  180  16:22  SCV  
  180  16:25  Marine  
  190  16:28  Marine x2  
  190  16:29  Marauder  
  190  16:30  Marine  
  173  16:34  Viking  
  173  16:35  Marine  
  173  16:36  Marauder  
  173  16:38  Marine  
  167  16:46  Marine x2, Viking  
  173  16:47  Marine, Marauder  
  173  16:50  Orbital Command  
  174  16:55  Siege Tank  
  174  16:56  Marine, Marauder  
  174  16:59  Marine, Marauder  
  182  17:02  Orbital Command, Marine  
  182  17:03  Marauder  
  149  17:10  Marine x2, Marauder  
  149  17:14  Marine x2  
  109  17:16  Marine  
  109  17:19  Marine  
  109  17:20  Marine  
  99  17:27  Siege Tank  
  99  17:29  SCV x4  
  100  17:31  SCV  
  100  17:34  SCV  
  97  17:41  Marine x2  
  97  17:42  SCV  
  97  17:44  Marine x2  
  97  17:45  Marine  
  97  17:46  SCV  
  97  17:49  SCV x2  
  103  17:52  Viking  
  103  17:53  SCV x2  
  103  17:56  Marauder x2  
  103  17:58  Marauder  
  113  18:03  Marauder  
  114  18:06  Marine  
  114  18:10  SCV  
  114  18:11  SCV  
  114  18:12  SCV x2  
  118  18:17  Raven  
  118  18:18  Marine x3  
  118  18:19  SCV  
  124  18:21  SCV  
  124  18:22  SCV  
  124  18:23  SCV  
  124  18:24  Marauder  
  129  18:27  Marauder x2  
  129  18:29  Marine, Marauder  
  129  18:30  Marine  
  136  18:39  Marine  
Show
View Real Time Build Order
Export as new Build Order

gumiho Terran - Winner!

Build Orders: Mech 

Get SALT Encoding   

  12  0:00  SCV  
  13  0:12  SCV  
  14  0:16  Supply Depot  
  14  0:24  SCV  
  15  0:38  SCV  
  15  0:40  Barracks  
  16  0:43  Refinery  
  16  0:50  SCV  
  16  0:52  Refinery  
  17  1:02  SCV  
  18  1:14  SCV  
  19  1:26  Orbital Command  
  19  1:27  Barracks Reactor  
  19  1:31  Supply Depot  
  19  1:39  Factory  
  19  1:52  SCV  
  20  2:03  Reaper x2  
  20  2:04  SCV  
  23  2:16  SCV  
  23  2:22  Command Center  
  24  2:28  SCV  
  25  2:31  Hellion  
  25  2:36  Reaper  
  26  2:37  Reaper  
  26  2:42  SCV  
  26  2:49  Supply Depot  
  26  2:53  Hellion  
  26  2:54  SCV  
  29  3:04  Starport  
  29  3:07  SCV  
  29  3:10  Reaper  
  29  3:12  Reaper  
  32  3:18  Hellion  
  34  3:22  SCV  
  35  3:34  SCV  
  35  3:40  Hellion  
  38  3:44  Reaper  
  38  3:46  Reaper, Medivac  
  38  3:47  SCV  
  43  3:58  Supply Depot  
  43  4:00  SCV  
  44  4:03  Orbital Command  
  44  4:07  Cyclone  
  46  4:12  SCV  
  46  4:16  Marine  
  48  4:18  Starport Tech Lab, Marine  
  49  4:24  SCV  
  49  4:29  SCV  
  49  4:30  Supply Depot  
  51  4:34  Marine  
  51  4:36  SCV, Marine  
  54  4:38  Raven  
  56  4:52  Marine  
  57  4:54  Marine  
  54  5:10  Marine  
  54  5:12  Cyclone, Marine  
  54  5:13  Raven, SCV x2  
  57  5:21  Command Center  
  57  5:25  SCV  
  57  5:26  SCV  
  57  5:28  Marine  
  55  5:30  Marine  
  55  5:33  Cloaking Field  
  55  5:34  Refinery  
  55  5:35  Refinery  
  55  5:38  SCV x2  
  55  5:40  Bunker  
  57  5:44  Factory Tech Lab  
  57  5:45  Marine  
  57  5:46  Banshee  
  57  5:47  Marine  
  62  5:50  SCV x2  
  64  6:02  SCV  
  64  6:03  Marine  
  62  6:05  Siege Tank, Marine  
  62  6:07  SCV  
  67  6:14  SCV  
  68  6:19  SCV, Factory  
  68  6:21  Marine  
  68  6:23  Marine  
  67  6:26  SCV  
  67  6:31  SCV  
  69  6:33  Banshee  
  69  6:34  Orbital Command  
  72  6:42  SCV  
  72  6:44  SCV  
  72  6:45  Engineering Bay  
  74  6:48  Siege Tank  
  74  6:54  SCV  
  76  6:56  Supply Depot, SCV, Factory  
  76  6:58  Supply Depot  
  76  6:59  Orbital Command  
  77  7:05  Factory Tech Lab  
  77  7:07  SCV  
  77  7:08  SCV  
  79  7:11  Marine x2  
  81  7:17  Banshee  
  81  7:18  Missile Turret  
  81  7:19  Missile Turret  
  81  7:20  Missile Turret  
  81  7:21  Siege Tank  
  81  7:22  SCV x2  
  89  7:25  SCV  
  89  7:28  Siege Tank  
  93  7:33  Supply Depot  
  93  7:34  SCV  
  93  7:35  Supply Depot  
  94  7:39  SCV x2  
  94  7:40  Missile Turret  
  94  7:43  Infernal Pre-Igniter  
  96  7:46  SCV  
  96  7:47  Armory  
  96  7:48  Armory  
  96  7:49  Hellion  
  96  7:50  Hellion  
  101  7:55  SCV  
  102  8:05  SCV x2  
  101  8:07  SCV  
  101  8:11  Hellion x2  
  101  8:12  Starport Reactor, Hellion x2  
  107  8:17  SCV x2  
  107  8:19  SCV  
  110  8:21  Supply Depot, Missile Turret  
  110  8:24  Supply Depot  
  110  8:25  Refinery  
  110  8:26  Refinery  
  110  8:29  SCV x2, Sensor Tower  
  110  8:31  SCV  
  116  8:41  SCV  
  116  8:43  SCV x2, Hellion  
  124  8:52  Viking x2  
  124  8:54  SCV  
  124  8:55  SCV  
  128  8:57  Terran Vehicle Weapons Level 1  
  128  8:59  Thor  
  128  9:06  Thor  
  132  9:16  Hellion  
  122  9:22  Viking  
  119  9:27  Hellion  
  115  9:35  SCV x3  
  115  9:37  Hellion  
  114  9:42  Siege Tank  
  112  9:47  SCV  
  112  9:48  Hellion  
  112  9:50  Siege Tank  
  113  9:58  Refinery  
  113  9:59  SCV x3, Hellion  
  118  10:00  Terran Vehicle And Ship Armor Level 1, Command Center  
  118  10:07  Factory  
  118  10:09  Hellion  
  118  10:11  SCV x2, Factory  
  121  10:14  Siege Tank, Missile Turret  
  121  10:18  SCV, Command Center  
  121  10:20  Hellion  
  126  10:22  Hellion  
  126  10:23  SCV, Missile Turret  
  122  10:38  Hellion  
  122  10:41  SCV x3  
  122  10:42  Hellion  
  127  10:43  Siege Tank  
  127  10:45  Supply Depot, Starport Reactor  
  127  10:46  Supply Depot  
  127  10:47  Siege Tank  
  133  10:53  Terran Vehicle Weapons Level 2  
  132  10:59  Hellion  
  133  11:04  Hellion x2  
  133  11:05  Hellion  
  133  11:08  Supply Depot  
  133  11:09  Supply Depot x2  
  133  11:13  Hellion  
  133  11:15  Siege Tank  
  138  11:19  Hellion, Factory  
  138  11:20  Factory, Hellion  
  138  11:22  Factory  
  142  11:31  Sensor Tower  
  142  11:32  Medivac x2  
  146  11:35  SCV x3  
  146  11:37  Supply Depot  
  146  11:38  Hellion x3  
  155  11:46  Command Center  
  155  11:58  SCV x3  
  155  11:59  Terran Vehicle And Ship Armor Level 2  
  155  12:00  Siege Tank x2  
  161  12:13  SCV x2  
  161  12:14  SCV  
  156  12:16  Planetary Fortress  
  156  12:19  Sensor Tower  
  156  12:20  Refinery x2  
  156  12:24  Hellion x3  
  156  12:25  Hellion, Factory Reactor, Factory Tech Lab x2  
  156  12:27  Hurricane Engines  
  160  12:31  SCV x3  
  161  12:37  Siege Tank  
  161  12:38  Missile Turret  
  164  12:48  Siege Tank  
  123  13:09  Siege Tank, Hellion x2  
  123  13:10  Hellion x4  
  123  13:12  Hellion x3  
  141  13:14  Terran Vehicle Weapons Level 3  
  141  13:18  SCV x3  
  144  13:21  Siege Tank  
  144  13:22  Medivac  
  149  13:39  Viking  
  151  13:46  Siege Tank x2  
  152  13:52  Viking  
  146  14:02  Hellion x4  
  153  14:08  Cyclone x2  
  153  14:09  Viking  
  156  14:13  Cyclone x2  
  156  14:14  Cyclone  
  156  14:16  SCV  
  163  14:18  Siege Tank  
  163  14:19  Siege Tank  
  163  14:21  Sensor Tower  
  163  14:23  Hellion x3  
  175  14:26  Planetary Fortress, SCV x2  
  177  14:33  Hellion  
  178  14:40  Hellion x2  
  178  14:45  Hellion x3  
  194  14:46  Hellion  
  194  14:50  Terran Vehicle And Ship Armor Level 3  
  198  15:02  Refinery  
  198  15:07  Refinery  
  182  15:10  Hellion x2  
  182  15:11  Cyclone x7  
  182  15:12  Cyclone  
  182  15:13  Hellion, Medivac x2  
  196  15:22  Command Center  
  192  15:31  Hellion x2  
  192  15:34  Hellion  
  198  15:35  Missile Turret  
  193  15:53  SCV x3  
  195  15:57  Viking x2  
  195  15:58  Missile Turret  
  199  16:05  SCV  
  199  16:08  Missile Turret  
  174  16:33  Thor x5  
  174  16:39  Hellion  
  194  17:12  Hellion  
  194  17:13  Hellion x5  
  182  17:16  Thor x2, Hellion  
  182  17:17  Hellion x2  
  182  17:20  Medivac x2  
  179  17:29  SCV x3  
  182  17:34  Hellion x6  
  182  17:36  Missile Turret  
  186  17:38  Hellion x3  
  192  17:50  Medivac x2  
  188  17:54  Planetary Fortress  
  188  17:55  Hellion x2  
  192  17:59  Siege Tank x2  
  192  18:05  Siege Tank x2  
  200  18:12  Hellion  
  200  18:14  Hellion  
  196  18:37  Command Center  
Tags
 
Add a new tag
Caveats
  • Supply blocks, unpowered buildings, or Contaminate may cause inaccurate times.
  • Supply counts are checked every 10 seconds.